 Dungeon Crawl Stone Soup version 0.24-a0-445-gd5110b030a (webtiles) character file.

Game seed: 17138698426411600604

98 emperorscorpion the Chopper (level 4, -12/42 HPs)
             Began as a Deep Dwarf Berserker on June 22, 2019.
             Was a Follower of Trog.
             Mangled by an iguana (16 damage)
             ... on level 3 of the Dungeon.
             The game lasted 00:02:02 (220 turns).

emperorscorpion the Chopper (Deep Dwarf Berserker)   Turns: 220, Time: 00:02:03

Health: -12/42     AC:  2    Str: 21    XL:     4   Next: 43%
Magic:  4/4        EV: 13    Int:  8    God:    Trog [*.....]
Gold:   0          SH:  0    Dex: 12    Spells: 3/3 levels left

rFire    . . .     SeeInvis .   a - +0 hand axe
rCold    . . .     Gourm    .   (no shield)
rNeg     . . .     Faith    .   b - +0 animal skin
rPois    .         Spirit   .   (no helmet)
rElec    .         Reflect  .   (no cloak)
rCorr    .         Harm     .   (no gloves)
MR       .....                  (no boots)
Stlth    +.........             (no amulet)
HPRegen  0.00/turn              (no ring)
MPRegen  0.09/turn              (no ring)

@: non-regenerating
A: damage resistance, heal wounds, sense surroundings 1, no regeneration
a: Heal Wounds, Berserk, Renounce Religion


You were on level 3 of the Dungeon.
You worshipped Trog.
Trog was aware of your devotion.
You were not hungry.

You visited 1 branch of the dungeon, and saw 3 of its levels.

Inventory:

Hand Weapons
 a - a +0 hand axe (weapon)
Missiles
 f - 3 datura-tipped darts (quivered)
Armour
 b - a +0 animal skin (worn)
Scrolls
 d - a scroll of identify {unknown}
Potions
 e - 3 potions of curing {unknown}
Comestibles
 c - a ration


   Skills:
 + Level 3.5 Fighting
 + Level 4.6 Axes
 + Level 2.4 Armour
 + Level 2.6 Dodging
 + Level 0.1 Stealth


You had 3 spell levels left.
You didn't know any spells.
Your spell library was empty.

Dungeon Overview and Level Annotations

Branches:
Dungeon (3/15)

Altars:


Innate Abilities, Weirdness & Mutations

You are resistant to damage.
You can heal yourself by infusing magical energy.
You passively map a small area around you.
You do not regenerate.


Message History

Aim: an iguana (chance to frenzy on hit: 75%)
You throw a datura-tipped dart. The datura-tipped dart hits the iguana.
The iguana resists.
You recover from your berserk rage.
The iguana misses you.
Throwing (i - inventory)
f - 4 datura-tipped darts (quivered)
Press: ? - help, Shift-Dir - straight line, f/p - iguana
Aim: an iguana (chance to frenzy on hit: 75%)
You throw a datura-tipped dart. The datura-tipped dart hits the iguana.
The iguana flies into a frenzy!
The iguana closely misses you. The iguana bites you!!
* * * LOW HITPOINT WARNING * * *
The iguana hisses angrily.
You feel much better. The iguana barely misses you.
You feel much better. The iguana bites you! The iguana bites you!!
* * * LOW HITPOINT WARNING * * *
You fail to use your ability.
The iguana bites you!
* * * LOW HITPOINT WARNING * * *
You fail to use your ability.
The iguana bites you. The iguana bites you!!
You die...

######### , ,,,........
, , #....#** * *, *
#....# * *
#....########+## *
#########...............
#.......(...............
,
###...l#...............
, _
#...@#........((.....
#...)#########.......
#....# , ....... *#....#
* .......
#.......##....# ,
,,r......
#.......##....# ,
....... #.......##....#
, .######
####.......##....# *, ,
.# * #..........##....#*
*


You could see a neutral iguana (insane).

Vanquished Creatures
  A phantom (D:3)
  A dart slug (D:1)
  2 goblins (D:3)
  A hobgoblin (D:3)
  A quokka (D:3)
  A bat (D:3)
  A frilled lizard (D:1)
  A kobold (D:3)
  2 rats (D:3)
11 creatures vanquished.

Notes
Turn   | Place    | Note
-------+----------+-------------------------------------------
     0 | D:1      | emperorscorpion the Deep Dwarf Berserker began the quest
                  | for the Orb.
     0 | D:1      | Reached XP level 1. HP: 20/20 MP: 1/1
    77 | D:3      | Noticed a phantom
   176 | D:3      | Killed a phantom
   176 | D:3      | Reached skill level 4 in Axes
   176 | D:3      | Reached XP level 2. HP: 28/28 MP: 2/2
   176 | D:3      | Reached XP level 3. HP: 34/34 MP: 3/3
   176 | D:3      | Reached XP level 4. HP: 42/42 MP: 4/4
   220 | D:3      | Mangled by an iguana

Levels and vault maps discovered:
D:1:      psy_arrival_basics, layout_loops_corners
D:2:      layout_basic, lemuel_crystal_altar, serial_glass, glass_columns_a,
          glass_columns_a, glass_columns_b, glass_columns_c, glass_columns_a,
          glass_columns_b, glass_columns_b, glass_columns_c, feat_on_display,
          item_on_display_b, minmay_strange_pillars, kennysheep_generic_room_3
D:3:      kennysheep_goblin_castle, layout_basic,
          gammafunk_temple_overflow_forgotten

Skill      XL: |  1 |
---------------+----+-----
Fighting       | 3 |  3.5
Axes           | 4 |  4.6
Armour         | |  2.4
Dodging        | |  2.6
Stealth        | |  0.1

Action                   |  1- 3 |  4- 6 || total
-------------------------+-------+-------++-------
Melee: Hand axe          |    34 |    16 ||    50
Throw: Dart              |       |     2 ||     2
Invok: Berserk           |     1 |       ||     1
 Abil: Heal Wounds       |       |     2 ||     2
  Use: Potion            |     2 |       ||     2
       Scroll            |     1 |       ||     1
Armor: Skin              |    18 |       ||    18
       Animal skin       |     5 |     1 ||     6
Dodge: Dodged            |    18 |    24 ||    42

Table legend:
 A = Non-vault XP
 B = Vault XP
 C = Vault XP percentage of total XP
 D = Non-vault monster count
 E = Vault monster count
 F = Vault count percentage of total count
                 A         B        C        D         E       F
            +---------+---------+-------+---------+---------+-------
      Total |     140 |       0 |   0.0 |      11 |       0 |   0.0
            +---------+---------+-------+---------+---------+-------
        D:1 |       5 |       0 |   0.0 |       2 |       0 |   0.0
        D:3 |     135 |       0 |   0.0 |       9 |       0 |   0.0
            +---------+---------+-------+---------+---------+-------
